 Dungeon Crawl Stone Soup version 0.22.1-1-ga44c0e56f4 (webtiles) character file.

119 OdinFK the Covert (level 4, -4/23 HPs)
             Began as a Spriggan Assassin on Sept 26, 2018.
             Slain by an orc priest
             ... wielding a +0 mace
              (7 damage)
             ... on level 3 of the Dungeon.
             The game lasted 00:10:08 (2097 turns).

OdinFK the Covert (Spriggan Assassin)               Turns: 2097, Time: 00:10:09

Health: -4/23      AC:  3    Str:  7    XL:     4   Next: 74%
Magic:  5/5        EV: 18    Int: 12    God:
Gold:   101        SH:  0    Dex: 18    Spells: 3/3 levels left

rFire    . . .     SeeInvis +   a - +2 dagger
rCold    . . .     Gourm    .   (shield restricted)
rNeg     . . .     Faith    .   c - +0 robe
rPois    .         Spirit   .   (helmet restricted)
rElec    .         Reflect  .   d - +0 cloak
rCorr    .         Harm     .   (gloves unavailable)
MR       +....                  (boots unavailable)
Stlth    ++++......             (no amulet)
HPRegen  0.07/turn              j - ring of protection from magic
MPRegen  0.09/turn              (no ring)

@: very quick
A: very small, unfitting armour, see invisible, herbivore, speed 3, slow
metabolism 2
a: no special abilities


You were on level 3 of the Dungeon.
You were not hungry.

You visited 1 branch of the dungeon, and saw 3 of its levels.

You collected 101 gold pieces.

Inventory:

Hand Weapons
 a - a +2 dagger (weapon)
 b - a +0 blowgun
Missiles
 e - 5 poisoned needles
 f - a curare-tipped needle
Armour
 c - a +0 robe (worn)
 d - a +0 cloak (worn)
Jewellery
 j - a ring of protection from magic (left hand)
 t - an uncursed ring of protection from magic
 u - an uncursed ring of see invisible {unknown}
Scrolls
 h - 2 scrolls of enchant armour {unknown}
 i - a scroll of identify {unknown}
 k - 2 scrolls of amnesia
 l - a scroll of teleportation {unknown}
 m - a scroll of blinking {unknown}
 n - a scroll of remove curse {unknown}
 o - 2 scrolls of fog {unknown}
 p - a scroll of fear {unknown}
Potions
 q - a potion of might
 r - a potion of brilliance
Comestibles
 g - 5 rations


   Skills:
 + Level 1.7 Fighting
 + Level 3.0 Short Blades
 + Level 2.5 Throwing
 + Level 2.4 Dodging
 * Level 8.0 Stealth


You had 3 spell levels left.
You didn't know any spells.
Your spell library was empty.

Dungeon Overview and Level Annotations

Branches:
Dungeon (3/15)

Altars:


Innate Abilities, Weirdness & Mutations

You are very small and have problems with some larger weapons.
You are too small for most types of armour.
You have supernaturally acute eyesight. (SInv)
You are a herbivore.
You cover ground extremely quickly.
You need to consume almost no food.


Message History

The orc priest is moderately wounded.
The orc priest looks encouraged for a moment.
You hit the orc priest but do no damage.
The orc priest is moderately wounded.
The orc priest hits you with a mace.
* * * LOW HITPOINT WARNING * * *
You hit the orc priest.
The orc priest is heavily wounded.
The orc priest barely misses you.
You barely miss the orc priest.
The orc priest is heavily wounded.
You hit the orc priest but do no damage.
The orc priest is heavily wounded.
The orc priest hits you with a mace.
* * * LOW HITPOINT WARNING * * *
You barely miss the orc priest.
The orc priest is heavily wounded.
A rat comes into view.
The orc priest hits you with a mace!
You die...

...##.......
#..#....... ..
#...#.#### # #.#
##>...#### #r ..
####.#.....# #..
#.##....##.##.. ..
#......# #$####
#.#####.....###.# #
#oo@.)).....##..# #
######.........#####
#....#[..?.......
#...####...#..#####
....## #.(......#
... #...#......# ##
#####%.###.. #=##
#.. #.# #


You could see an orc priest, an orc and a rat.

Vanquished Creatures
  6 adders
  An ooze (D:1)
  A worm (D:2)
  A dart slug (D:1)
  A leopard gecko (D:1)
  4 orcs (D:3)
  3 ball pythons
  4 giant cockroaches
  6 goblins
  4 hobgoblins
  4 jackals (D:1)
  6 bats
  3 frilled lizards
  4 kobolds
  5 rats
53 creatures vanquished.

Notes
Turn   | Place    | Note
-------+----------+-------------------------------------------
     0 | D:1      | OdinFK the Spriggan Assassin began the quest for the Orb.
     0 | D:1      | Reached XP level 1. HP: 10/10 MP: 2/2
    10 | D:1      | Reached skill level 6 in Stealth
    45 | D:1      | Reached XP level 2. HP: 4/14 MP: 3/3
   362 | D:1      | Reached skill level 7 in Stealth
   791 | D:1      | Reached XP level 3. HP: 16/18 MP: 4/4
  1371 | D:2      | Reached XP level 4. HP: 13/22 MP: 5/5
  1987 | D:3      | Reached skill level 8 in Stealth
  2097 | D:3      | Slain by an orc priest

Skill      XL: |  1  2  3  4 |
---------------+-------------+-----
Stealth        | 6 7 8 |  8.0
Dodging        | 2 |  2.4
Short Blades   | 3 |  3.0
Fighting       | |  1.7
Throwing       | |  2.5

Action                   |  1- 3 |  4- 6 || total
-------------------------+-------+-------++-------
Melee: Dagger            |   133 |    46 ||   179
 Fire: Blowgun           |    18 |    14 ||    32
  Use: Potion            |       |     4 ||     4
       Scroll            |       |     1 ||     1
 Stab: Sleeping          |     8 |     8 ||    16
       Distracted        |     1 |       ||     1
Armor: Robe              |    21 |     2 ||    23
Dodge: Dodged            |    99 |    17 ||   116
